APL (24 & UNDER)
SAVANNAH HOGS @ DETROIT DIRTY SNOW
07/23/2028
 
TOP OF THE 1ST
Savannah Hogs batting - Pitching for Detroit Dirty Snow : RHP Javier Moreno
Pitching: RHP Javier Moreno
Batting: RHB Jorge Garza 0-0: SINGLE (Groundball, 4MS) (infield hit)
Batting: LHB Miguel Medellín 0-0: Ball
Jorge Garza is caught stealing 2nd base
1-0: Ball
2-0: Ball
3-0: Called Strike
3-1: SINGLE (Line Drive, 6MD)
Batting: RHB Henry Haines 0-0: Ball
Miguel Medellín is caught stealing 2nd base
1-0: Called Strike
1-1: Ball
2-1: Called Strike
2-2: Strikes out swinging
Top of the 1st over - 0 run(s), 2 hit(s), 0 error(s), 0 left on base; Savannah 0 - Detroit 0
BOTTOM OF THE 1ST
Detroit Dirty Snow batting - Pitching for Savannah Hogs : RHP Esteban Ramírez
Pitching: RHP Esteban Ramírez
Batting: SHB Cristián López 0-0: Called Strike
0-1: Ground out 1-3 (Groundball, 13)
Batting: RHB Cristo Souza 0-0: Ball
1-0: DOUBLE (Groundball, 5L)
Batting: LHB Félix Costa 0-0: Called Strike
0-1: DOUBLE (Flyball, 9LM)
Cristo Souza scores
Batting: RHB Carlos Rocha 0-0: Called Strike
0-1: Ball
1-1: Foul Ball, location: 2F
1-2: Foul Ball, location: 2F
1-2: Strikes out looking
Batting: LHB Luis Salazar 0-0: Swinging Strike
0-1: Ball
1-1: Ball
2-1: Ball
3-1: Called Strike
3-2: Foul Ball, location: 2F
3-2: Strikes out swinging
Bottom of the 1st over - 1 run(s), 2 hit(s), 0 error(s), 1 left on base; Savannah 0 - Detroit 1
TOP OF THE 2ND
Savannah Hogs batting - Pitching for Detroit Dirty Snow : RHP Javier Moreno
Batting: SHB Juan Soriano 0-0: Ball
1-0: Ground out 6-3 (Groundball, 6)
Batting: LHB Juan Vásquez 0-0: Ball
1-0: Swinging Strike
1-1: Fly out, F8 (Flyball, 8RM)
Batting: RHB Guillermo González 0-0: Fly out, F8 (Flyball, 8RM)
Top of the 2nd over - 0 run(s), 0 hit(s), 0 error(s), 0 left on base; Savannah 0 - Detroit 1
BOTTOM OF THE 2ND
Detroit Dirty Snow batting - Pitching for Savannah Hogs : RHP Esteban Ramírez
Batting: SHB Alan Garland 0-0: Ground out 3-1 (Groundball, 23)
Batting: SHB Víctor Torres 0-0: Called Strike
0-1: Called Strike
0-2: Ball
1-2: Ball
2-2: Ball
3-2: Base on Balls
Batting: RHB Manuel Flores 0-0: Ball
1-0: Called Strike
1-1: Called Strike
1-2: Grounds into double play, 1-6-3 (Groundball, P)
Bottom of the 2nd over - 0 run(s), 0 hit(s), 0 error(s), 0 left on base; Savannah 0 - Detroit 1
TOP OF THE 3RD
Savannah Hogs batting - Pitching for Detroit Dirty Snow : RHP Javier Moreno
Batting: LHB Marv Gardner 0-0: Ball
1-0: Ball
2-0: Called Strike
Error on foul ball, E9
2-2: Fly out, F8 (Flyball, 8RD)
Batting: LHB Guillermo Santos 0-0: Called Strike
0-1: Ball
1-1: Ball
2-1: Swinging Strike
2-2: Fly out, F2 (Popup, 3S)
Batting: LHB Marv Alexander 0-0: Called Strike
0-1: Called Strike
0-2: Ball
1-2: SINGLE (Line Drive, 9LS)
Batting: RHB Jorge Garza 0-0: Called Strike
0-1: SINGLE (Line Drive, 9S)
Marv Alexander to second
Runner from 2nd tries for 3rd, SAFE, throw made to third
Batting: LHB Miguel Medellín 0-0: Called Strike
0-1: Swinging Strike
0-2: Ball
1-2: Foul Ball, location: 2F
1-2: Ball
2-2: Strikes out swinging
Top of the 3rd over - 0 run(s), 2 hit(s), 1 error(s), 2 left on base; Savannah 0 - Detroit 1
BOTTOM OF THE 3RD
Detroit Dirty Snow batting - Pitching for Savannah Hogs : RHP Esteban Ramírez
Batting: RHB Kelsey Scott 0-0: Swinging Strike
0-1: Ball
1-1: Swinging Strike
1-2: Strikes out looking
Batting: SHB Cristián López 0-0: Called Strike
0-1: Ground out 5-3 (Groundball, 56S)
Batting: RHB Cristo Souza 0-0: Ball
1-0: Fly out, F9 (Line Drive, 9D)
Bottom of the 3rd over - 0 run(s), 0 hit(s), 0 error(s), 0 left on base; Savannah 0 - Detroit 1
TOP OF THE 4TH
Savannah Hogs batting - Pitching for Detroit Dirty Snow : RHP Javier Moreno
Batting: RHB Henry Haines 0-0: SINGLE (Flyball, 9LS) - OUT at second base trying to stretch hit.
Batting: SHB Juan Soriano 0-0: Called Strike
0-1: Ball
1-1: Swinging Strike
1-2: Foul Ball, location: 2F
1-2: Strikes out looking
Batting: LHB Juan Vásquez 0-0: Ball
1-0: Ball
2-0: Fly out, F9 (Line Drive, 9)
Top of the 4th over - 0 run(s), 1 hit(s), 0 error(s), 0 left on base; Savannah 0 - Detroit 1
BOTTOM OF THE 4TH
Detroit Dirty Snow batting - Pitching for Savannah Hogs : RHP Esteban Ramírez
Batting: LHB Félix Costa 0-0: Ball
1-0: Ball
2-0: Ball
3-0: Base on Balls
Batting: RHB Carlos Rocha 0-0: Ball
1-0: Called Strike
1-1: Ball
2-1: Swinging Strike
2-2: Strikes out swinging
Batting: LHB Luis Salazar 0-0: Ball
1-0: Ball
2-0: Foul Ball, location: 2F
2-1: Called Strike
2-2: Foul Ball, location: 2F
2-2: Strikes out swinging
Batting: SHB Alan Garland 0-0: Ball
1-0: SINGLE (Line Drive, 6D)
Félix Costa to second
Runner from 2nd tries for 3rd, SAFE, no throw
Batting: SHB Víctor Torres 0-0: Ball
1-0: Called Strike
1-1: Swinging Strike
1-2: Strikes out swinging
Bottom of the 4th over - 0 run(s), 1 hit(s), 0 error(s), 2 left on base; Savannah 0 - Detroit 1
TOP OF THE 5TH
Savannah Hogs batting - Pitching for Detroit Dirty Snow : RHP Javier Moreno
Batting: RHB Guillermo González 0-0: SOLO HOME RUN (Flyball, 7LD), Distance : 352 ft
Batting: LHB Marv Gardner 0-0: SINGLE (Flyball, 8RS)
Batting: LHB Guillermo Santos 0-0: Ball
1-0: Foul Ball, location: 2F
1-1: Foul Ball, location: 2F
1-2: Foul Ball, location: 2F
1-2: Ball
2-2: Fly out, F9 (Flyball, 89D)
Batting: LHB Marv Alexander 0-0: Ball
1-0: Foul Ball, location: 2F
1-1: Fielders Choice at 2nd, 3-6 (Groundball, 34)
Batting: RHB Jorge Garza 0-0: Swinging Strike
0-1: 2-RUN HOME RUN (Flyball, 7D), Distance : 378 ft
Batting: LHB Miguel Medellín 0-0: Fly out, F6 (Line Drive, 6)
Top of the 5th over - 3 run(s), 3 hit(s), 0 error(s), 0 left on base; Savannah 3 - Detroit 1
BOTTOM OF THE 5TH
Detroit Dirty Snow batting - Pitching for Savannah Hogs : RHP Esteban Ramírez
Batting: RHB Manuel Flores 0-0: Ball
1-0: Swinging Strike
1-1: Ball
2-1: DOUBLE (Line Drive, 7LS)
Batting: RHB Kelsey Scott 0-0: Swinging Strike
0-1: Ball
1-1: SINGLE (Line Drive, 4D)
Manuel Flores to third
Runner from 3rd tries for Home, throw and OUT!
Batting: SHB Cristián López 0-0: Foul Ball, location: 2F
0-1: Ball
1-1: Grounds into double play, 1-6-3 (Groundball, 13)
Bottom of the 5th over - 0 run(s), 2 hit(s), 0 error(s), 0 left on base; Savannah 3 - Detroit 1
TOP OF THE 6TH
Savannah Hogs batting - Pitching for Detroit Dirty Snow : RHP Javier Moreno
Batting: RHB Henry Haines 0-0: Ball
1-0: SINGLE (Groundball, 34D)
Batting: SHB Juan Soriano 0-0: Foul Ball, location: 2F
0-1: Ball
1-1: Ball
2-1: Fly out, F9 (Flyball, 9D)
Batting: LHB Juan Vásquez 0-0: Ball
1-0: Ball
2-0: Ball
3-0: Foul Ball, location: 2F
3-1: Foul Ball, location: 2F
3-2: Foul Ball, location: 2F
3-2: Strikes out swinging
Batting: RHB Guillermo González 0-0: Called Strike
0-1: Fielders Choice at 2nd, 6-4 (Groundball, 6)
Top of the 6th over - 0 run(s), 1 hit(s), 0 error(s), 0 left on base; Savannah 3 - Detroit 1
BOTTOM OF THE 6TH
Detroit Dirty Snow batting - Pitching for Savannah Hogs : RHP Esteban Ramírez
Batting: RHB Cristo Souza 0-0: Swinging Strike
0-1: Ball
1-1: Swinging Strike
1-2: Strikes out looking
Batting: LHB Félix Costa 0-0: Foul Ball, location: 2F
0-1: Foul Ball, location: 2F
0-2: Ball
1-2: Ball
2-2: Foul Ball, location: 2F
2-2: Foul Ball, location: 2F
2-2: Ball
3-2: SINGLE (Groundball, 25) (infield hit)
Batting: RHB Carlos Rocha 0-0: Called Strike
0-1: Ball
Félix Costa is caught stealing 2nd base
1-1: Fly out, F8 (Flyball, 8LD)
Bottom of the 6th over - 0 run(s), 1 hit(s), 0 error(s), 0 left on base; Savannah 3 - Detroit 1
TOP OF THE 7TH
Savannah Hogs batting - Pitching for Detroit Dirty Snow : RHP Javier Moreno
Batting: LHB Marv Gardner 0-0: Ball
1-0: Swinging Strike
1-1: Ball
2-1: Ball
3-1: Foul Ball, location: 2F
3-2: DOUBLE (Line Drive, 78XD)
Batting: LHB Guillermo Santos 0-0: Intentional Walk
Pitching: LHP Jorge Luna
Pinch Hitting: RHB Orlando Márquez 0-0: Ball
1-0: Foul Ball, location: 2F
1-1: Fly out, F9 (Flyball, 89D)
Runner from 2nd tags up, SAFE at 3rd, no throw
Pinch Hitting: RHB Miguel Cervantes 0-0: Ball
1-0: Foul Ball, location: 2F
1-1: Ball
2-1: Ball
3-1: SINGLE (Flyball, 89S)
Marv Gardner scores
Guillermo Santos to second
Batting: LHB Miguel Medellín 0-0: Ball
1-0: Foul Ball, location: 2F
1-1: Foul Ball, location: 2F
1-2: Fielders Choice at 2nd, 1-4 (Groundball, 15)
Guillermo Santos to third
Batting: RHB Henry Haines 0-0: Ball
1-0: SINGLE (Line Drive, 7S)
Guillermo Santos scores
Miguel Medellín to second
Batting: SHB Juan Soriano 0-0: Foul Ball, location: 2F
0-1: Ball
1-1: Foul Ball, location: 2F
1-2: Ball
2-2: Strikes out looking
Top of the 7th over - 2 run(s), 3 hit(s), 0 error(s), 2 left on base; Savannah 5 - Detroit 1
BOTTOM OF THE 7TH
Detroit Dirty Snow batting - Pitching for Savannah Hogs : RHP Esteban Ramírez
Now at 1B: Ernesto Gómez
Now at SS: Ramón Gómez
Batting: LHB Luis Salazar 0-0: Swinging Strike
0-1: Swinging Strike
0-2: Ball
1-2: Ball
2-2: Foul Ball, location: 2F
2-2: Fly out, F7 (Flyball, 7LS)
Pitching: RHP Manuel Silva
Batting: SHB Alan Garland 0-0: Ball
1-0: Ball
2-0: Ball
3-0: Base on Balls
Batting: SHB Víctor Torres 0-0: Ball
1-0: Ball
2-0: Ball
3-0: Called Strike
3-1: Swinging Strike
3-2: Strikes out swinging
Batting: RHB Manuel Flores 0-0: Called Strike
0-1: Ball
1-1: Called Strike
1-2: Foul Ball, location: 2F
1-2: Strikes out swinging
Bottom of the 7th over - 0 run(s), 0 hit(s), 0 error(s), 1 left on base; Savannah 5 - Detroit 1
TOP OF THE 8TH
Savannah Hogs batting - Pitching for Detroit Dirty Snow : LHP Jorge Luna
Batting: LHB Juan Vásquez 0-0: Ball
1-0: SINGLE (Groundball, 34D)
Batting: RHB Guillermo González 0-0: Sac Bunt - play at first, batter OUT! 1-3
Juan Vásquez to second
Batting: LHB Marv Gardner 0-0: Foul Ball, location: 2F
0-1: Foul Ball, location: 2F
0-2: Strikes out swinging
Batting: LHB Guillermo Santos 0-0: Fly out, F8 (Flyball, 8RS)
Top of the 8th over - 0 run(s), 1 hit(s), 0 error(s), 1 left on base; Savannah 5 - Detroit 1
BOTTOM OF THE 8TH
Detroit Dirty Snow batting - Pitching for Savannah Hogs : RHP Manuel Silva
Batting: RHB Kelsey Scott 0-0: Foul Ball, location: 2F
0-1: Foul Ball, location: 2F
0-2: Ball
1-2: Ball
2-2: Foul Ball, location: 2F
2-2: Foul Ball, location: 2F
2-2: Foul Ball, location: 2F
2-2: Ball
3-2: Foul Ball, location: 2F
3-2: SINGLE (Groundball, 4MD)
Batting: SHB Cristián López 0-0: Foul Ball, location: 2F
0-1: Ball
1-1: Called Strike
1-2: Ball
2-2: Ball
3-2: Strikes out swinging
Batting: RHB Cristo Souza 0-0: Ball
1-0: Ball
2-0: Ball
3-0: Called Strike
3-1: Base on Balls
Kelsey Scott to second
Batting: LHB Félix Costa 0-0: Ball
1-0: SINGLE (Groundball, 4S) (infield hit)
Kelsey Scott to third
Cristo Souza to second
Batting: RHB Carlos Rocha 0-0: Ball
1-0: Foul Ball, location: 2F
1-1: Foul Ball, location: 2F
1-2: Grounds into double play, 4-6-3 (Groundball, 4)
Bottom of the 8th over - 0 run(s), 2 hit(s), 0 error(s), 2 left on base; Savannah 5 - Detroit 1
TOP OF THE 9TH
Savannah Hogs batting - Pitching for Detroit Dirty Snow : LHP Jorge Luna
Batting: RHB Ramón Gómez 0-0: Called Strike
0-1: Fly out, F8 (Flyball, 8RD)
Batting: RHB Ernesto Gómez 0-0: SINGLE (Line Drive, 7S)
Batting: LHB Miguel Medellín 0-0: Foul Ball, location: 2F
0-1: Foul Ball, location: 2F
0-2: Ball
1-2: Ball
2-2: Ball
3-2: Strikes out looking
Batting: RHB Henry Haines 0-0: Foul Ball, location: 2F
0-1: Ball
1-1: Fielders Choice at 2nd, 4-6 (Groundball, 4)
Top of the 9th over - 0 run(s), 1 hit(s), 0 error(s), 0 left on base; Savannah 5 - Detroit 1
BOTTOM OF THE 9TH
Detroit Dirty Snow batting - Pitching for Savannah Hogs : RHP Manuel Silva
Batting: LHB Luis Salazar 0-0: SINGLE (Flyball, 8LS)
Batting: SHB Alan Garland 0-0: Foul Ball, location: 2F
0-1: Called Strike
0-2: Ball
1-2: Ball
2-2: Foul Ball, location: 2F
2-2: Strikes out swinging
Batting: SHB Víctor Torres 0-0: Grounds into double play, 6-4-3 (Groundball, 6M)
Bottom of the 9th over - 0 run(s), 1 hit(s), 0 error(s), 0 left on base; Savannah 5 - Detroit 1
Tuesday, August 8th, 2017 - OOTP Baseball 17.12 Build 75